 Dungeon Crawl Stone Soup version 0.24-a0-217-g1152973 (console) character file.

Game seed: 8105087254249385984

20 bli the Digger (level 2, 0/15 HPs)
             Began as a Deep Elf Earth Elementalist on Mar 29, 2019.
             Slain by a jackal (2 damage)
             ... on level 1 of the Dungeon.
             The game lasted 00:02:52 (531 turns).

bli the Digger (Deep Elf Earth Elementalist)         Turns: 531, Time: 00:02:53

Health: 0/15       AC:  2    Str:  5    XL:     2   Next: 58%
Magic:  8/8        EV: 13    Int: 19    God:
Gold:   52         SH:  0    Dex: 15    Spells: 7/8 levels left

rFire    . . .     SeeInvis .   f - +0 dagger
rCold    . . .     Gourm    .   (no shield)
rNeg     . . .     Faith    .   c - +0 robe
rPois    .         Spirit   .   (no helmet)
rElec    .         Reflect  .   (no cloak)
rCorr    .         Harm     .   (no gloves)
MR       .....                  (no boots)
Stlth    ++........             (no amulet)
HPRegen  0.05/turn              (no ring)
MPRegen  0.11/turn              (no ring)

@: no status effects
A: no striking features
a: no special abilities


You were on level 1 of the Dungeon.
You were not hungry.

You visited 1 branch of the dungeon, and saw 1 of its levels.

You collected 52 gold pieces.

Inventory:

Hand Weapons
 f - a +0 dagger (weapon)
Missiles
 b - 14 stones (quivered)
 e - 13 sling bullets
Armour
 c - a +0 robe (worn)
Scrolls
 g - a scroll of remove curse {unknown}
Potions
 a - a potion of agility {unknown}
Comestibles
 d - 4 rations
 h - 3 chunks of flesh


   Skills:
 + Level 2.6 Dodging
 + Level 2.5 Stealth
 * Level 3.7 Spellcasting
   Level 1.1 Transmutations
 + Level 3.7 Earth Magic


You had 7 spell levels left.
You knew the following spells:

 Your Spells              Type           Power        Failure   Level  Hunger
b - Sandblast             Erth           ###...       3%          1    None

Your spell library contained the following spells:

 Spells                   Type           Power        Failure   Level  Hunger
 Passwall                 Tmut/Erth      ##......     8%          2    ##.....
 Stone Arrow              Conj/Erth      ##....       21%         3    ###....
 Petrify                  Tmut/Erth      ##......     45%         4    ####...
 Lee's Rapid Deconstruct  Erth           ###.......   63%         5    ######.


Dungeon Overview and Level Annotations

Branches:
Dungeon (1/15)

Altars:


Message History

The jackal completely misses you. The bat hits you but does no damage.
The jackal closely misses you. The bat barely misses you.
The bat hits you but does no damage.
Found a leather armour.
The bat barely misses you.
Found 5 tomahawks and a ring mail.
You hit the rat but do no damage. The bat hits you. The rat bites you.
You hit the rat.
The rat is moderately wounded.
The bat closely misses you. The bat hits you but does no damage.
The rat closely misses you.
The jackal bites you but does no damage.
You hit the rat but do no damage.
The rat is moderately wounded.
The bat misses you. The bat closely misses you. The jackal bites you.
* * * LOW HITPOINT WARNING * * *
The rat closely misses you.
You hit the rat.
You kill the rat!
The bat misses you. The jackal closely misses you. The bat misses you.
The jackal bites you.
You die...

............ ...........#
....).#.##. ......#.# [.#.
........# .[.
............. ...
.##..##.....# #.(
....##...#... ##.#
##..#...## ...##.#
.#..#... ..##.#
.#.##..#####..##@###
...#...........#bhh# .
...#...........###.####...
..##.⌠...<...⌠.###.......♣
...#...........#....###...
...#...........##...# #
...####..#..#####.### .#
.....###...##..#....# #.#
##.#.##.....#....##.##..#
#.#...##.##....##.....#
#..#............#.#..#


You could see 2 jackals and a bat.

Vanquished Creatures
  An ooze (D:1)
  A dart slug (D:1)
  A goblin (D:1)
  5 hobgoblins (D:1)
  A jackal (D:1)
  A ball python (D:1)
  A bat (D:1)
  A kobold (D:1)
  A rat (D:1)
13 creatures vanquished.

Notes
Turn   | Place    | Note
-------+----------+-------------------------------------------
     0 | D:1      | bli the Deep Elf Earth Elementalist began the quest for the
                  | Orb.
     0 | D:1      | Reached XP level 1. HP: 10/10 MP: 6/6
   114 | D:1      | Reached XP level 2. HP: 12/15 MP: 4/8
   531 | D:1      | Slain by a jackal

Levels and vault maps discovered:
D:1:      dpeg_arrival_arbitrary_c, layout_rooms, serial_forest,
          infiniplex_forest_straight_1, infiniplex_forest_lined_2,
          infiniplex_forest_lined_2, infiniplex_forest_straight_4,
          infiniplex_forest_clump_medium, infiniplex_forest_lined_room_2,
          minivault_23

Action                   || total
-------------------------++-------
Melee: Unarmed           ||     4
       Dagger            ||    29
 Cast: Sandblast         ||    16
Armor: Robe              ||    14
Dodge: Dodged            ||    40

Table legend:
 A = Non-vault XP
 B = Vault XP
 C = Vault XP percentage of total XP
 D = Non-vault monster count
 E = Vault monster count
 F = Vault count percentage of total count
                 A         B        C        D         E       F
            +---------+---------+-------+---------+---------+-------
      Total |      29 |       0 |   0.0 |      13 |       0 |   0.0
            +---------+---------+-------+---------+---------+-------
        D:1 |      29 |       0 |   0.0 |      13 |       0 |   0.0
            +---------+---------+-------+---------+---------+-------
